 Dungeon Crawl Stone Soup version 0.28-a0-906-g0406aca7d3 (webtiles) character file.

Game seed: 7321013388073782693

1764 bande the Chopper (level 9, -11/54 HPs)
             Began as a Gargoyle Fighter on Nov 24, 2021.
             Was a Follower of Okawaru.
             Mangled by a boulder beetle (47 damage)
             ... on level 6 of the Dungeon.
             The game lasted 00:09:37 (4117 turns).

bande the Chopper (Gargoyle Fighter)                Turns: 4117, Time: 00:09:37

Health: -11/54     AC: 25    Str: 22    XL:     9   Next: 7%
Magic:  10/10      EV:  6    Int:  8    God:    Okawaru [*.....]
Gold:   157        SH:  5    Dex: 13    Spells: 8/8 levels left

rFire   . . .      SeeInvis +   p - +2 hand axe (vorpal)
rCold   . . .      Faith    .   c - +0 buckler
rNeg    + . .      Spirit   .   m - +0 plate armour
rPois   ∞          Reflect  .   j - +2 hat
rElec   +          Harm     .   (no cloak)
rCorr   .          Rampage  .   o - +1 pair of gloves
Will    .....                   (no boots)
Stlth   ..........              k - amulet of regeneration
HPRegen 1.18/turn               e - +4 ring of slaying
MPRegen 0.12/turn               (no ring)

@: no status effects
A: sickness immunity, AC +6, negative energy resistance 1, electricity
resistance, torment resistance 1, petrification resistance, horns 1, iridescent
scales 1, see invisible, agile 1
a: Renounce Religion, Heroism


You were on level 6 of the Dungeon.
You worshipped Okawaru.
Okawaru was aware of your devotion.
You visited 2 branches of the dungeon, and saw 7 of its levels.

You collected 157 gold pieces.

Inventory:

Hand Weapons
 a - a +0 war axe of chaos
 f - a +0 war axe
 p - a +2 vorpal hand axe (weapon)
Armour
 c - a +0 buckler (worn)
 j - a +2 hat (worn)
 m - a +0 plate armour (worn)
 o - a +1 pair of gloves (worn)
Jewellery
 e - a +4 ring of slaying (left hand)
 k - an amulet of regeneration (around neck)
 r - a ring of wizardry
Wands
 g - a wand of flame (14)
 q - a wand of iceblast (12)
Scrolls
 n - a scroll of fear
 s - 2 scrolls of enchant armour
 t - a scroll of identify
Potions
 b - 2 potions of heal wounds
 d - 2 potions of might
 h - 2 potions of curing
 i - 2 potions of berserk rage
 l - a potion of flight


   Skills:
 + Level 5.5 Fighting
 + Level 7.5 Axes
 + Level 5.6 Armour
 + Level 4.5 Shields
 * Level 2.6 Invocations
 * Level 3.2 Evocations


You had 8 spell levels left.
You didn't know any spells.
Your spell library contained the following spells:

 Spells                   Type           Power      Damage    Failure   Level
 Pain                     Necr           0%         1d4       100%        1
 Sandblast                Erth           0%         2d4       100%        1
 Slow                     Hex            0%         N/A       100%        1
 Passwall                 Tmut/Erth      0%         N/A       100%        2
 Confusing Touch          Hex            0%         N/A       100%        3
 Stone Arrow              Conj/Erth      0%         3d7       100%        3
 Vampiric Draining        Necr           0%         2d6       100%        3
 Animate Skeleton         Necr           Unusable   N/A       N/A         1

Dungeon Overview and Level Annotations

Branches:
Dungeon (6/15)             Temple (1/1) D:5

Altars:
Kikubaaqudgha
Okawaru
Qazlal
Ru
Sif Muna

Annotations:
D:6 2 transporters


Innate Abilities, Weirdness & Mutations

You are immune to sickness and miasma.
Your stone body is resilient. (AC +6)
You are immune to poison.
You resist negative energy. (rN+)
You are resistant to electric shocks. (rElec)
You are resistant to unholy torment.
You are immune to petrification.
You have a pair of small horns on your head.
You are partially covered in iridescent scales. (AC +2)
You have supernaturally acute eyesight. (SInv)
You are agile. (Dex +2)


Message History

You slash the boulder beetle!
The boulder beetle is severely wounded.
The boulder beetle barely misses you.
You hit the boulder beetle but do no damage.
The boulder beetle is severely wounded.
The boulder beetle bites you but does no damage.
You hit the boulder beetle but do no damage.
You headbutt the boulder beetle, but do no damage.
The boulder beetle is severely wounded.
The boulder beetle barely misses you.
You hit the boulder beetle but do no damage.
The boulder beetle is heavily wounded.
The boulder beetle bites you!
You are too injured to fight recklessly!
You are too injured to fight recklessly!
You barely miss the boulder beetle. You headbutt the boulder beetle!
The boulder beetle is severely wounded.
The boulder beetle bites you but does no damage.
You hit the boulder beetle.
The boulder beetle is severely wounded.
The boulder beetle bites you but does no damage.
You slash the boulder beetle!
Your headbutt misses the boulder beetle.
The boulder beetle is almost dead.
You block the boulder beetle's attack.
You hit the boulder beetle but do no damage.
The boulder beetle is almost dead.
You hit the boulder beetle but do no damage.
You headbutt the boulder beetle, but do no damage.
The boulder beetle is almost dead.
The boulder beetle leaps!
The boulder beetle leaps!
There is an open door here.
The boulder beetle curls into a ball and begins rolling!
There is a stone staircase leading down here.
You hit the boulder beetle. You headbutt the boulder beetle.
The boulder beetle is almost dead.
The boulder beetle hits you!!!
Ouch! That really hurt!
You die...

#.## #...#.....# #.##
#...#.....# #.##
#...#.....# #.##
#...#.....# #.##
#...#..(..# #.##
#...#...(.# #.##
#...#.....# #.#
#######.@.'.....# #.#
#.......B.#.....# #.#
#.......°.####+#######.#
#.......°.+........†...#
#.........#####.######.#
#######...#####..# #.#
#.....©.....##.# #.#
#.#########.##.## #.#
#.#8P.©.P8#.##..# #.#


You could see a boulder beetle (rolling).

Vanquished Creatures
  2 ogres
  The ghost of tinescath the Covered, an amateur FoFi of Ru (D:3)
  A necrophage (D:5)
  A centaur (D:6)
  2 phantoms (D:5)
  A kobold brigand (D:6)
  7 scorpions
  A centaur zombie (D:6)
  2 bullfrog zombies (D:6)
  A jelly (D:5)
  2 orc priests
  A bullfrog skeleton (D:5)
  3 hounds
  A centaur skeleton (D:5)
  2 iguanas (D:6)
  4 orc wizards
  3 gnolls (D:4)
  9 adders
  A white imp (D:6)
  2 adder skeletons (D:4)
  2 worms (D:2)
  A dart slug (D:1)
  11 orcs
  14 bats
  7 endoplasms
  3 giant cockroaches
  8 goblins
  7 hobgoblins
  2 jackals (D:1)
  7 quokkas
  6 ball pythons
  12 kobolds
  25 rats
152 creatures vanquished.

Vanquished Creatures (others)
  3 fungi (D:4)
  2 plants (D:4)
5 creatures vanquished.

Grand Total: 157 creatures vanquished

Notes
Turn   | Place    | Note
-------+----------+-------------------------------------------
     0 | D:1      | bande the Gargoyle Fighter began the quest for the Orb.
     0 | D:1      | Reached XP level 1. HP: 14/14 MP: 1/1
   262 | D:1      | Reached skill level 2 in Axes
   262 | D:1      | Reached XP level 2. HP: 18/19 MP: 2/2
   423 | D:1      | Reached XP level 3. HP: 21/23 MP: 3/3
   683 | D:2      | Gained mutation: You have a pair of small horns on your
                  | head. [potion of mutation]
   683 | D:2      | Gained mutation: You are partially covered in iridescent
                  | scales. (AC +2) [potion of mutation]
   683 | D:2      | Gained mutation: You are agile. (Dex +2) [potion of
                  | mutation]
   683 | D:2      | Gained mutation: You have supernaturally acute eyesight.
                  | (SInv) [potion of mutation]
   716 | D:2      | Reached skill level 3 in Axes
   718 | D:2      | Reached XP level 4. HP: 28/28 MP: 4/4
   835 | D:2      | Found a faded altar of an unknown god.
  1111 | D:3      | Found a runed translucent door.
  1113 | D:3      | Noticed tinescath's ghost (amateur FoFi)
  1143 | D:3      | Reached XP level 5. HP: 25/33 MP: 5/5
  1788 | D:3      | Found a shimmering blue altar of Sif Muna.
  2007 | D:3      | Killed tinescath's ghost
  2008 | D:3      | Reached skill level 4 in Axes
  2008 | D:3      | Reached XP level 6. HP: 36/38 MP: 6/6
  2350 | D:4      | Reached skill level 5 in Axes
  2360 | D:4      | Reached XP level 7. HP: 38/44 MP: 7/7
  2476 | D:4      | Reached skill level 1 in Evocations
  2518 | D:4      | Found the +7 Singing Sword {vorpal, sonic wave}
  2675 | D:5      | Entered Level 5 of the Dungeon
  2845 | D:5      | Reached skill level 6 in Axes
  2865 | D:5      | Reached skill level 5 in Armour
  2865 | D:5      | Reached XP level 8. HP: 48/48 MP: 8/8
  2880 | D:5      | Reached skill level 5 in Fighting
  2913 | D:5      | Found a staircase to the Ecumenical Temple.
  2963 | Temple   | Entered the Ecumenical Temple
  3033 | Temple   | Became a worshipper of Warmaster Okawaru
  3236 | D:5      | Reached skill level 1 in Invocations
  3482 | D:6      | Reached skill level 7 in Axes
  3610 | D:6      | Reached * piety under Okawaru
  3616 | D:6      | Identified the +5 falchion "Grim" {drain, Drain rF+ rC+
                  | rN++}
  3729 | D:6      | Reached XP level 9. HP: 54/54 MP: 10/10
  4044 | D:6      | Found a transporter.
  4061 | D:6      | Noticed a kobold demonologist
  4069 | D:6      | Found a transporter.
  4091 | D:6      | Noticed a boulder beetle
  4117 | D:6      | Mangled by a boulder beetle

Illustrated notes

Levels and vault maps discovered:
D:1:      matt_arrival_refuge, layout_rooms
D:2:      layout_rooms, ebering_ecumenical_altar_hall
D:3:      layout_loops_cross, lemuel_blue_sif_altar,
          hellmonk_ghost_happy_afterlife, minmay_rat_hole
D:4:      old_forge, layout_gridville, nicolae_grassy_gnolls
D:5:      layout_rooms, temple_doors_e
D:6:      gammafunk_wand_slinger, layout_basic, serial_corexii_hall,
          corexii_hall_statues_i, corexii_hall_statues_x
Temple:   regret_index_temple_generic_petals

Skill      XL: |  1  2  3  4  5  6  7  8 |
---------------+-------------------------+-----
Axes           | 2 3 4 5 6 7 |  7.5
Armour         | 4 5 |  5.6
Fighting       | 4 5 |  5.5
Evocations     | 1 3 |  3.2
Shields        | 4 |  4.5
Invocations    | 2 |  2.6

Action                   |  1- 3 |  4- 6 |  7- 9 || total
-------------------------+-------+-------+-------++-------
Melee: War axe           |    58 |   109 |    92 ||   259
       Headbutt          |     3 |    20 |    40 ||    63
       Hand axe          |       |       |    56 ||    56
  Use: Scroll            |     3 |     5 |     9 ||    17
       Potion            |     1 |       |       ||     1
 Stab: Held in net/web   |       |       |     1 ||     1
Armor: Scale mail        |    31 |    53 |    38 ||   122
       Plate armour      |       |       |    69 ||    69
Dodge: Dodged            |    32 |    50 |    59 ||   141
Block: Buckler           |    13 |    22 |    40 ||    75

Table legend: (Time is in decaauts)
 A = Elapsed time spent in this place.
 B = Non-inter-level travel time spent in this place.
 C = Inter-level travel time spent in this place.
 D = Time resting spent in this place.
 E = Time spent auto-exploring this place.
 F = Levels seen in this place.
 G = Mean time per level.
                   A        B        C        D        E       F      G
               +--------+--------+--------+--------+--------+-----+--------+
         Total |   4190 |   4121 |     69 |    100 |   2854 |   7 |  598.6 |
       Dungeon |   4091 |   4049 |     42 |    100 |   2795 |   6 |  681.8 |
        Temple |     99 |     72 |     27 |      0 |     59 |   1 |   99.0 |
               +--------+--------+--------+--------+--------+-----+--------+

Top non-repeatable levels by time:
     D:3: 982 daAuts
     D:5: 706 daAuts
     D:1: 683 daAuts
     D:4: 647 daAuts
     D:6: 644 daAuts
     D:2: 427 daAuts
  Temple: 99 daAuts
